 Dungeon Crawl Stone Soup version 0.31.0-11-ge490571c62 (webtiles) character file.

Game seed: 10565953861582620031

601 bearlyready the Ruffian (level 7, -1/43 HPs)
             Began as an Octopode Shapeshifter on Feb 4, 2024.
             Slain by an ogre
             ... wielding a +0 giant club
              (13 damage)
             ... on level 5 of the Dungeon.
             The game lasted 00:06:37 (4486 turns).

bearlyready the Ruffian (Octopode Shapeshifter)     Turns: 4486, Time: 00:06:38

Health: -1/43      AC:  1    Str: 15    XL:     7   Next: 41%
Magic:  7/7        EV: 13    Int: 13    God:
Gold:   252        SH:  0    Dex: 11    Spells: 6/6 levels left

rFire   . . .        g - +2 dagger (venom)
rCold   . . .        (no shield)
rNeg    . . .        (helmet currently unavailable)
rPois   .            (no amulet)
rElec   .            (no ring)
rCorr   .            (no ring)
SInv    .            (no ring)
Will    .....        (no ring)
Stlth   ++           (no ring)
HPRegen 0.27/turn    (no ring)
MPRegen 0.10/turn    (no ring)
                     (no ring)

%: no passive effects
@: beast-form
A: beast (slay +3), almost no armour, amphibious, 8 rings, camouflage 1,
gelatinous body 1, (nimble swimmer 1), tentacles
a: Begin Untransformation


You were on level 5 of the Dungeon.
You were a hulking beast.
You visited 2 branches of the dungeon, and saw 6 of its levels.

You collected 252 gold pieces.

Inventory:

Hand Weapons
 g - a +2 dagger of venom (weapon)
Missiles
 i - 6 atropa-tipped darts
 l - 14 poisoned darts (quivered)
 m - 2 boomerangs
Jewellery
 w - a ring of see invisible
Talismans
 b - a beast talisman
 c - a flux talisman
 k - a blade talisman
Wands
 a - a wand of roots (14)
 p - a wand of polymorph (9)
Scrolls
 h - a scroll of fog {unknown}
 j - a scroll of torment {unknown}
 n - a scroll of acquirement {unknown}
 q - a scroll of blinking {unknown}
 y - 2 scrolls of identify {unknown}
Potions
 d - 2 potions of resistance {unknown}
 e - a potion of berserk rage {unknown}
 f - 3 potions of curing
 o - a potion of cancellation {unknown}
 r - a potion of degeneration {unknown}
 s - a potion of might {unknown}
 t - a potion of experience {unknown}
 u - a potion of heal wounds {unknown}
 v - a potion of attraction {unknown}
 x - a potion of enlightenment {unknown}
 z - a potion of invisibility {unknown}


   Skills:
 - Level 1.0 Fighting
 - Level 2.0 Dodging
 + Level 6.2 Unarmed Combat
 + Level 5.8 Shapeshifting


You had 6 spell levels left.
You didn't know any spells.
Your spell library was empty.

Dungeon Overview and Level Annotations

Branches:
Dungeon (5/15)             Temple (1/1) D:4

Altars:
Ashenzari
Dithmenos
Elyvilon
Fedhas
Hepliaklqana
Kikubaaqudgha
Makhleb
Nemelex Xobeh
Ru
Sif Muna
Vehumet
Wu Jian
Xom
Zin
The Shining One

Annotations:
D:3 exclusion: oklob plant


Innate Abilities, Weirdness & Mutations

You are a hulking beast.
Your limbs bulge with bestial killing power. (Slay +3)
You cannot wear most types of armour.
You are amphibious.
You can wear up to eight rings at the same time.
Your skin changes colour to match your surroundings (Stealth+).
Your rubbery body absorbs attacks. (AC +1, EV +1)
((You are camouflaged when in or above water. (Stealth+)))
You have tentacles for arms and can constrict up to eight enemies at once.


Message History

An endoplasm is nearby!
An endoplasm is nearby!
An endoplasm is nearby!
There is an open door here.
The helpless endoplasm fails to defend itself.
You hit the endoplasm.
Your tentacle-slap misses the endoplasm.
The endoplasm is heavily wounded.
The endoplasm misses you.
You hit the endoplasm.
You kill the endoplasm!
No target in view!
There is an open door here.
You open the door.
Found a sparkling altar of Nemelex Xobeh.
There is an open door here.
You open the door.
An ogre comes into view. It is wielding a +0 giant club.
There is an open door here.
The helpless ogre fails to defend itself.
You puncture the ogre! You squeeze the ogre.
The ogre is moderately wounded.
The ogre hits you with a +0 giant club!!
Ouch! That really hurt!
* * * LOW HITPOINT WARNING * * *
You hit the ogre.
The ogre is poisoned.
The ogre is moderately wounded.
There is an open door here.
Okay, then.
Okay, then.
Aiming: Fastroot
Press: ? - help, Shift-Dir - straight line The roots erupt in riotous growth!
Roots grab the ogre.
The grasping roots constrict the ogre.
The ogre closely misses you.
The grasping roots constrict the ogre.
The roots release their grip on the ogre.
Okay, then.
The ogre attacks as it pursues you! The ogre hits you with a +0 giant club!
You die...

##...........##....##
#.....###...........#
##.#..##.##.####...).#
#.....#._.#...##.....#
#...####.####..#.....#
#..##..#'#..##.#..[..#
#..#...'.'...#.#.....#
#..##.##O##.##.#.....#####
##..###.#h###....###.#....
##.....#.....#.## #.#.###
####.###.)....# #.#.#
#......##### #.#.#
##.....# #.#.# #######
#.#<# #.##### #......
#######


You could see an ogre (very poisoned).

Vanquished Creatures
  Sigmund (D:4)
  A black bear (D:2)
  A howler monkey (D:4)
  2 bombardier beetles (D:4)
  2 orc priests
  Ijyb (D:4)
  Natasha (D:2)
  Robin (D:4)
  3 gnolls (D:4)
  3 adders
  A white imp (D:5)
  9 orcs
  3 bats (D:3)
  5 endoplasms
  6 giant cockroaches
  6 goblins
  6 hobgoblins
  5 jackals
  2 quokkas
  2 ball pythons
  A frilled lizard (D:1)
  5 kobolds
  4 rats
71 creatures vanquished.

Notes
Turn   | Place    | Note
-------+----------+-------------------------------------------
     0 | D:1      | bearlyready the Octopode Shapeshifter began the quest for
                  | the Orb.
     0 | D:1      | Reached XP level 1. HP: 13/13 MP: 1/1
    51 | D:1      | Reached XP level 2. HP: 18/18 MP: 2/2
  1137 | D:2      | Reached XP level 3. HP: 21/23 MP: 3/3
  1275 | D:2      | Found a radiant altar of Vehumet.
  1350 | D:2      | Noticed a black bear
  1359 | D:2      | Killed a black bear
  1360 | D:2      | Reached skill level 4 in Unarmed Combat
  1360 | D:2      | Reached XP level 4. HP: 20/28 MP: 4/4
  1360 | D:2      | Reached XP level 5. HP: 24/33 MP: 5/5
  1607 | D:2      | Noticed Natasha
  1614 | D:2      | Killed Natasha
  2053 | D:3      | Found a blossoming altar of Fedhas.
  2073 | D:3      | Noticed an oklob plant
  2276 | D:3      | Found a faded altar of an unknown god.
  2767 | D:4      | Reached skill level 5 in Unarmed Combat
  2767 | D:4      | Reached XP level 6. HP: 38/38 MP: 6/6
  2940 | D:4      | Found a glowing silver altar of Zin.
  3036 | D:4      | Reached skill level 5 in Shapeshifting
  3115 | D:4      | Noticed Ijyb
  3141 | D:4      | Killed Ijyb
  3265 | D:4      | Noticed Sigmund
  3277 | D:4      | Killed Sigmund
  3278 | D:4      | Reached skill level 6 in Unarmed Combat
  3278 | D:4      | Reached XP level 7. HP: 43/43 MP: 7/7
  3636 | D:4      | Found a staircase to the Ecumenical Temple.
  3663 | D:4      | Noticed Robin
  3831 | D:4      | Killed Robin
  3992 | Temple   | Entered the Ecumenical Temple
  4021 | D:5      | Entered Level 5 of the Dungeon
  4475 | D:5      | Found a sparkling altar of Nemelex Xobeh.
  4486 | D:5      | Slain by an ogre

Illustrated notes

Levels and vault maps discovered:
D:1:      nzn_arrival_water_spiral, layout_basic
D:2:      layout_basic, basic_altar, dreamdust_wishing_well, uniq_natasha
D:3:      layout_basic, tgw_fedhas, nicolae_ecumenical_lake_church,
          nicolae_underground_beach
D:4:      layout_basic, mainiacjoe_overflow_surrounded_room,
          minmay_temple_entry_glassed_door, nicolae_goblin_pals, uniq_sigmund
D:5:      layout_basic, nemelex_dance_club_becter, kennysheep_mini
Temple:   nicolae_temple_slightly_damp_pantheon

Skill      XL: |  1  2  3  4  5  6 |
---------------+-------------------+-----
Unarmed Combat | 4 5 6 |  6.2
Shapeshifting  | 4 5 |  5.8
Fighting       | |  1.0
Dodging        | |  2.0

Action                     |  1- 3 |  4- 6 |  7- 9 || total
---------------------------+-------+-------+-------++-------
  Melee: Unarmed           |    40 |     1 |       ||    41
         Constrict         |    12 |    20 |    12 ||    44
         Tentacles         |     6 |    13 |    10 ||    29
         Dagger            |     5 |    75 |    34 ||   114
         Punch             |       |     5 |     1 ||     6
  Throw: Dart              |       |    18 |       ||    18
  Evoke: Wand              |       |       |     1 ||     1
    Use: Potion            |       |     3 |       ||     3
   Stab: Sleeping          |     6 |     4 |     2 ||    12
 Armour: Skin              |    12 |    31 |    18 ||    61
  Dodge: Dodged            |    30 |    36 |    10 ||    76
